 Dungeon Crawl Stone Soup version 0.26-a0-670-g578ab304f5 (webtiles) character file.

Game seed: 12794418447515944007

(classic levelgen) 1 EnegeticOcto the Digger (level 1, -2/11 HPs)
             Began as a Halfling Earth Elementalist on Oct 19, 2020.
             Slain by a kobold
             ... wielding a +0 whip
              (4 damage)
             ... on level 1 of the Dungeon.
             The game lasted 00:00:55 (75 turns).

EnegeticOcto the Digger (Halfling Earth Elementalist) Turns: 75, Time: 00:00:56

Health: -2/11      AC:  2    Str:  9    XL:     1   Next: 22%
Magic:  0/3        EV: 15    Int: 13    God:
Gold:   12         SH:  0    Dex: 14    Spells: 2/3 levels left

rFire    + . .     SeeInvis .   a - +0 short sword
rCold    x . .     Faith    .   (shield restricted)
rNeg     . . .     Spirit   .   c - +0 robe
rPois    .         Reflect  .   (no helmet)
rElec    .         Harm     .   (no cloak)
rCorr    .         Rampage  .   (no gloves)
MR       .....                  (no boots)
Stlth    ++........             (no amulet)
HPRegen  0.03/turn              d - ring of fire
MPRegen  0.08/turn              (no ring)

@: very slightly contaminated
A: small, mutation resistance 1
a: no special abilities


You were on level 1 of the Dungeon.
You visited 1 branch of the dungeon, and saw 1 of its levels.

You collected 12 gold pieces.

Inventory:

Hand Weapons
 a - a +0 short sword (weapon)
Missiles
 b - 29 stones (quivered)
Armour
 c - a +0 robe (worn)
Jewellery
 d - a ring of fire (left hand)
Scrolls
 e - a scroll of magic mapping {unknown}
 f - a scroll of teleportation {unknown}


   Skills:
 - Level 2.1 Dodging
 - Level 2.1 Stealth
 - Level 1.5 Spellcasting
   Level 0.5 Transmutations
 + Level 3.1 Earth Magic


You had 2 spell levels left.
You knew the following spells:

 Your Spells              Type           Power        Failure   Level
a - Sandblast             Erth           #.....       8%          1

Your spell library contained the following spells:

 Spells                   Type           Power        Failure   Level
 Passwall                 Tmut/Erth      #.......     19%         2
 Stone Arrow              Conj/Erth      #.....       38%         3
 Petrify                  Tmut/Erth      #.......     77%         4
 Lee's Rapid Deconstruct  Erth           #.........   91%         5


Dungeon Overview and Level Annotations

Branches:
Dungeon (1/15)

Altars:


Innate Abilities, Weirdness & Mutations

You are small and have problems with some larger weapons.
You are somewhat resistant to further mutation.


Message History

Welcome, EnegeticOcto the Halfling Earth Elementalist.
It is said that the Orb of Zot exists deep within this dungeon.
Press ? for a list of commands and other information.
Found a staircase leading out of the dungeon.
You open the door.
Found a scroll labeled WIFOTO VAKUA.
Found an escape hatch in the floor.
Found a short sword, 12 gold pieces and a robe.
There is an open door here.
Found a twisted sapphire ring.
You see here a short sword.
a - a +0 short sword (weapon)
You now have 12 gold pieces.
You see here a robe.
d - a twisted sapphire ring You feel more attuned to fire.
d - a ring of fire (left hand)
You see here a robe.
e - a scroll labeled WIFOTO VAKUA You open the door.
There is an open door here.
Found a scroll labeled JUAMIUNTAEG.
f - a scroll labeled JUAMIUNTAEG A hobgoblin comes into view.
It is wielding a +0 club.
Found 14 gold pieces.
A hobgoblin is nearby!
Found a scroll labeled ZOWKUY ETUT.
A kobold comes into view. It is wielding a +0 whip.
The kobold shouts!
You hear a bark!
The hobgoblin shouts!
You hear a bark!
The hobgoblin hits you with a +0 club.
The kobold throws a stone.
The stone misses you.
You see here a stone.
You hit the hobgoblin but do no damage.
The kobold throws a stone.
The stone misses you. The hobgoblin hits you with a +0 club.
Casting: Sandblast (safe; 8% risk of failure)
Confirm with . or Enter, or press ? or * to list all spells.
Aiming: Sandblast (safe; 8% risk of failure)
Press: ? - help, Shift-Dir - straight line, f - hobgoblin
Aim: a hobgoblin, wielding a +0 club The blast of sand hits the hobgoblin.
The hobgoblin is severely wounded.
b - 29 stones The kobold throws a stone.
The stone barely misses you.
Casting: Sandblast (safe; 8% risk of failure)
Confirm with . or Enter, or press ? or * to list all spells.
Aiming: Sandblast (safe; 8% risk of failure)
Press: ? - help, Shift-Dir - straight line, f/p - hobgoblin
Aim: a hobgoblin, wielding a +0 club (severely wounded)
You miscast Sandblast.
You are very lightly contaminated with residual magic.
Nothing appears to happen.
The hobgoblin misses you.
The kobold throws a stone.
The stone hits you but does no damage.
Casting: Sandblast (safe; 8% risk of failure)
Confirm with . or Enter, or press ? or * to list all spells.
Aiming: Sandblast (safe; 8% risk of failure)
Press: ? - help, Shift-Dir - straight line, f/p - hobgoblin
Aim: a hobgoblin, wielding a +0 club (severely wounded)
You miscast Sandblast.
Nothing appears to happen.
The hobgoblin hits you with a +0 club.
You closely miss the hobgoblin.
The hobgoblin is severely wounded.
The hobgoblin hits you but does no damage.
You hit the hobgoblin.
You kill the hobgoblin!
You hit the kobold.
The kobold is moderately wounded.
The kobold hits you with a +0 whip.
* * * LOW HITPOINT WARNING * * *
You barely miss the kobold.
The kobold is moderately wounded.
The kobold hits you with a +0 whip.
You die...

# #. #. #..#.#
#♣#♣.♣.♣#♣
#........#
♣.♣.♣.♣.♣####..
......).K......
♣.♣$♣.♣@♣
#.......#
♣.♣.♣.♣.♣
#...?...#
♣.♣#♣#♣.♣ #.#
#.# #.#####.#
#.......#


You could see a kobold.

Vanquished Creatures
  A hobgoblin (D:1)
1 creature vanquished.

Notes
Turn   | Place    | Note
-------+----------+-------------------------------------------
     0 | D:1      | EnegeticOcto the Halfling Earth Elementalist began the
                  | quest for the Orb.
     0 | D:1      | Reached XP level 1. HP: 11/11 MP: 3/3
    75 | D:1      | Slain by a kobold

Illustrated notes

Levels and vault maps discovered:
D:1:      minmay_arrival_split_and_join, layout_loops_ring, serial_forest,
          infiniplex_forest_straight_2, infiniplex_forest_lined_2,
          infiniplex_forest_lined_room_3, infiniplex_forest_clump_diagonal,
          kennysheep_pointless_box, minmay_misc_feat_nine_boxes

Action                   || total
-------------------------++-------
Melee: Short sword       ||     5
 Cast: Sandblast         ||     1
Armor: Robe              ||     2
Dodge: Dodged            ||     4

Table legend: (Time is in decaauts)
 A = Elapsed time spent in this place.
 B = Non-inter-level travel time spent in this place.
 C = Inter-level travel time spent in this place.
 D = Time resting spent in this place.
 E = Time spent auto-exploring this place.
 F = Levels seen in this place.
 G = Mean time per level.
                   A        B        C        D        E       F      G
               +--------+--------+--------+--------+--------+-----+--------+
         Total |     74 |     74 |      0 |      0 |      0 |   1 |   74.0 |
       Dungeon |     74 |     74 |      0 |      0 |      0 |   1 |   74.0 |
               +--------+--------+--------+--------+--------+-----+--------+

Top non-repeatable levels by time:
     D:1: 74 daAuts
